 Dungeon Crawl Stone Soup version 0.32-a0-814-g0968bab981 (webtiles) character file.

Game seed: 5105794489380809984

806 porpoise the Shooter (level 7, -2/58 HPs)
             Began as a Barachi Hexslinger on Mar 23, 2024.
             Was an Initiate of Cheibriados.
             Slain by a yak (13 damage)
             ... on level 5 of the Dungeon.
             The game lasted 00:13:41 (3861 turns).

porpoise the Shooter (Barachi Hexslinger)           Turns: 3861, Time: 00:13:42

Health: -2/58      AC:  3    Str: 10    XL:     7   Next: 91%
Magic:  8/8        EV: 16    Int: 14    God:    Cheibriados [......]
Gold:   183        SH:  0    Dex: 18    Spells: 8/8 levels left

rFire   . . .        a - +1 sling
rCold   . . .        (no shield)
rNeg    . . .        c - +0 robe
rPois   .            (no helmet)
rElec   .            (no cloak)
rCorr   .            (no gloves)
SInv    .            r - +0 pair of boots
Will    .....        (no amulet)
Stlth   ++           m - +5 ring of evasion
HPRegen 0.29/turn    (no ring)
MPRegen 0.11/turn

%: no passive effects
@: very slow
A: amphibious, slowness 1, strong legs 1, +LOS
a: Hop, Renounce Religion


You were on level 5 of the Dungeon.
You worshipped Cheibriados.
Cheibriados was noncommittal.
You visited 2 branches of the dungeon, and saw 6 of its levels.

You collected 271 gold pieces.
You spent 88 gold pieces at shops.

Inventory:

Hand Weapons
 a - a +1 sling (weapon)
 b - a +0 rapier
Missiles
 p - 4 poisoned darts
Armour
 c - a +0 robe (worn)
 o - the +5 robe of Misfortune {Harm *Corrode *Slow EV+5}
   (You found it on level 2 of the Dungeon)

   EV+5:      It affects your evasion (+5).
   *Corrode:  It may corrode you when you take damage.
   *Slow:     It may slow you when you take damage.
   Harm:      It increases damage dealt and taken.
 r - a +0 pair of boots (worn)
Jewellery
 m - a +5 ring of evasion (left hand)
Wands
 d - a wand of warping (3)
Scrolls
 h - 4 scrolls of poison
 j - a scroll of teleportation
 l - a scroll of immolation
 n - a scroll of silence {unknown}
 q - a scroll of identify {unknown}
 s - a scroll of blinking {unknown}
 u - a scroll of brand weapon {unknown}
Potions
 e - a potion of lignification {unknown}
 f - 4 potions of curing
 g - a potion of enlightenment
 i - a potion of resistance {unknown}
 k - a potion of might {unknown}
 t - a potion of magic {unknown}


   Skills:
 + Level 6.0 Fighting
 * Level 7.2 Ranged Weapons
 - Level 2.1 Dodging
 - Level 1.1 Spellcasting
 - Level 3.2 Hexes
 - Level 1.1 Fire Magic


You had 8 spell levels left.
You didn't know any spells.
Your spell library contained the following spells:

 Spells                   Type           Power      Damage    Failure   Level
 Jinxbite                 Hex            18%        N/A       11%         2
 Sigil of Binding         Hex            9%         N/A       21%         3
 Inner Flame              Hex/Fire       6%         N/A       32%         3
 Cause Fear               Hex            4%         N/A       56%         4
 Dimensional Bullseye     Hex/Tloc       2%         N/A       78%         4


Dungeon Overview and Level Annotations

Branches:
Dungeon (5/15)             Temple (1/1) D:4

Altars:
Ashenzari
Cheibriados
Elyvilon
Fedhas
Gozag
Hepliaklqana
Makhleb
Ru
Sif Muna
Trog
Uskayaw
Vehumet
Xom
Yredelemnul
The Shining One

Shops:
D:3 *=*[=

Annotations:
D:3 2 transporters, warriortoast's ghost, amateur OpSh


Innate Abilities, Weirdness & Mutations

You are amphibious.
You cover ground slowly.
You can hop short distances.
You have an extended range of vision and can be seen from far away.


Message History

The yak gores you!
You shoot a sling bullet.
The sling bullet hits the yak but does no damage.
The yak is moderately wounded.
The yak gores you!
You shoot a sling bullet. The sling bullet barely misses the yak.
The yak barely misses you.
You shoot a sling bullet. The sling bullet hits the yak.
The yak is moderately wounded.
The yak barely misses you.
You shoot a sling bullet. The sling bullet hits the yak.
The yak is heavily wounded.
The yak gores you.
You shoot a sling bullet. The sling bullet hits the yak.
The yak is heavily wounded.
The yak misses you.
You shoot a sling bullet. The sling bullet hits the yak!
The yak is severely wounded.
The yak gores you!
* * * LOW HITPOINT WARNING * * *
You shoot a sling bullet.
The sling bullet closely misses the yak.
The yak gores you but does no damage.
You shoot a sling bullet. The sling bullet hits the yak.
The yak is almost dead.
The yak closely misses you.
You shoot a sling bullet.
The sling bullet hits the yak but does no damage.
The yak is almost dead.
The yak misses you.
You shoot a sling bullet.
The sling bullet hits the yak but does no damage.
The yak is almost dead.
The yak gores you.
* * * LOW HITPOINT WARNING * * *
You shoot a sling bullet. The sling bullet hits the yak.
The yak is almost dead.
The yak gores you!
You die...
Cheibriados appreciates the motionlessness of death.

#........###...#
#..............#
#......##......#
#......#......##
..............##
......#.#......#
.#..#...#.....##
....#.......#######
....#.#.....###.@.#
................Y.# ##
...##............###.##
##..#............#....##
......##.#.............#
.#...###.##...........##
.######........#....###
##.#####.####.......##
.....Y#...# ##.......##


You could see a yak.

Vanquished Creatures
  Sigmund (D:2)
  A water moccasin (D:5)
  A phantom (D:4)
  A scorpion (D:5)
  A hound (D:3)
  3 iguanas
  A sleepcap (D:5)
  Natasha (thrice) (D:2)
  11 adders
  4 gnolls (D:4)
  2 dart slugs
  2 ribbon worms (D:2)
  An orc (D:5)
  2 bats
  7 endoplasms
  5 giant cockroaches
  10 goblins
  6 hobgoblins
  6 quokkas
  3 ball pythons (D:1)
  A frilled lizard (D:1)
  3 kobolds
  5 rats
80 creatures vanquished.

Notes
Turn   | Place    | Note
-------+----------+-------------------------------------------
     0 | D:1      | porpoise the Barachi Hexslinger began the quest for the
                  | Orb.
     0 | D:1      | Reached XP level 1. HP: 15/15 MP: 2/2
    50 | D:1      | Reached XP level 2. HP: 16/22 MP: 3/3
   455 | D:1      | Reached skill level 3 in Ranged Weapons
   455 | D:1      | Reached XP level 3. HP: 26/27 MP: 4/4
   604 | D:2      | You fall into a shaft and drop 2 floors!
   676 | D:4      | Reached XP level 4. HP: 29/34 MP: 5/5
   741 | D:4      | Found an opulent altar of Gozag.
   766 | D:3      | Found Hetwaic's Assorted Antiques.
   766 | D:3      | Found Yfah's Jewellery Shoppe.
   815 | D:3      | Found Wokuot's General Store.
   818 | D:3      | Noticed warriortoast's ghost (amateur OpSh)
   819 | D:3      | Reached skill level 4 in Ranged Weapons
   824 | D:3      | Found a transporter.
   829 | D:3      | Bought a potion of heal wounds for 55 gold pieces
   829 | D:3      | Bought a potion of curing for 33 gold pieces
   932 | D:3      | Found a transporter.
  1106 | D:2      | Noticed Sigmund
  1111 | D:2      | Reached XP level 5. HP: 35/41 MP: 6/6
  1119 | D:2      | Killed Sigmund
  1120 | D:2      | Reached skill level 5 in Ranged Weapons
  1120 | D:2      | Reached XP level 6. HP: 17/48 MP: 7/7
  1293 | D:2      | Noticed Natasha
  1297 | D:2      | Killed Natasha
  1425 | D:2      | Noticed Natasha
  1433 | D:2      | Killed Natasha
  1549 | D:2      | Noticed Natasha
  1560 | D:2      | Killed Natasha
  1978 | D:2      | Found the +5 robe of Misfortune {Harm *Corrode *Slow EV+5}
  2113 | D:3      | Found Saesuff's Antique Armour Boutique.
  2248 | D:3      | Reached skill level 6 in Ranged Weapons
  2248 | D:3      | Reached XP level 7. HP: 53/55 MP: 8/8
  2376 | D:3      | Found Vytweyty's Jewellery Shop.
  2554 | D:3      | Reached skill level 5 in Fighting
  3198 | D:4      | Found a staircase to the Ecumenical Temple.
  3208 | Temple   | Entered the Ecumenical Temple
  3222 | Temple   | Became a worshipper of Cheibriados the Contemplative
  3541 | D:5      | Entered Level 5 of the Dungeon
  3612 | D:5      | Noticed a yak
  3612 | D:5      | Noticed a yak
  3613 | D:5      | Noticed a yak
  3614 | D:5      | Noticed a yak
  3770 | D:5      | Reached skill level 7 in Ranged Weapons
  3861 | D:5      | Slain by a yak

Illustrated notes

Levels and vault maps discovered:
D:1:      dpeg_arrival_fog, layout_basic, serial_glass, glass_columns_a,
          glass_columns_b
D:2:      layout_rooms, amcnicky_mini_corridor_feature,
          amcnicky_mini_rare_corridor_liquid, uniq_natasha, uniq_sigmund
D:3:      layout_basic, gammafunk_ghost_arena, serial_shops,
          nicolae_shop_pleasant_corner_grove, nicolae_shop_advertising_works
          [nicolae_subvault_shop_adworks], shop, nicolae_shop_waterfront, shop,
          minmay_stone_trees_large, minmay_misc_feat_nine_boxes
D:4:      nicolae_BIG_FREAKIN_CUBE, layout_gridville, mainiacjoe_overflow_paths,
          minmay_temple_entry_antechambers
D:5:      layout_cave_pools, old_standard_altar
Temple:   compressed_dpeg_circular_temple

Skill      XL: |  1  2  3  4  5  6  7 |
---------------+----------------------+-----
Fighting       | 2 3 4 6 |  6.0
Ranged Weapons | 3 4 5 6 7 |  7.2
Dodging        | |  2.1
Spellcasting   | |  1.1
Hexes          | |  3.2
Fire Magic     | |  1.1

Action                     |  1- 3 |  4- 6 |  7- 9 || total
---------------------------+-------+-------+-------++-------
   Fire: Sling             |    96 |   171 |   132 ||   399
    Use: Scroll            |       |     1 |     2 ||     3
         Potion            |       |     1 |     1 ||     2
 Armour: Robe              |    12 |    61 |    30 ||   103
  Dodge: Dodged            |    13 |    66 |    72 ||   151

Table legend: (Time is in decaauts)
 A = Elapsed time spent in this place.
 B = Non-inter-level travel time spent in this place.
 C = Inter-level travel time spent in this place.
 D = Time resting spent in this place.
 E = Time spent auto-exploring this place.
 F = Levels seen in this place.
 G = Mean time per level.
                   A        B        C        D        E       F      G
               +--------+--------+--------+--------+--------+-----+--------+
         Total |   4522 |   4342 |    180 |    941 |   2623 |   6 |  753.7 |
       Dungeon |   4485 |   4340 |    145 |    941 |   2623 |   5 |  897.0 |
        Temple |     37 |      2 |     35 |      0 |      0 |   1 |   37.0 |
               +--------+--------+--------+--------+--------+-----+--------+

Top non-repeatable levels by time:
     D:2: 1254 daAuts
     D:4: 1209 daAuts
     D:3: 952 daAuts
     D:1: 699 daAuts
     D:5: 369 daAuts
  Temple: 37 daAuts
